 Dungeon Crawl Stone Soup version 0.24.0-125-gc4c63601f3 (webtiles) character file.

Game seed: 9748277008803276765, levelgen mode: deterministic

20330 lepoulpe303 the Reanimator (level 12, -15/89 HPs)
             Began as a Demonspawn Necromancer on Mar 10, 2020.
             Was an Elder of Dithmenos.
             Demolished by a two-headed ogre
             ... wielding a +0 giant club
              (18 damage)
             ... on level 2 of the Orcish Mines.
             The game lasted 01:20:07 (14656 turns).

lepoulpe303 the Reanimator (DsNe)                  Turns: 14656, Time: 01:20:07

Health: -15/89     AC:  8    Str: 10    XL:     12   Next: 44%
Magic:  12/23      EV: 16    Int: 21    God:    Dithmenos [****..]
Gold:   1298       SH:  0    Dex: 17    Spells: 9/26 levels left

rFire    . . .     SeeInvis +   a - +2 mace (drain)
rCold    . . .     Gourm    .   (no shield)
rNeg     . . .     Faith    .   d - +0 troll leather armour {regen}
rPois    .         Spirit   .   (no helmet)
rElec    .         Reflect  .   H - +2 cloak
rCorr    .         Harm     .   (no gloves)
MR       .....                  E - +0 pair of boots
Stlth    +++++++++.             R - amulet of regeneration
HPRegen  1.04/turn              S - ring of see invisible
MPRegen  0.18/turn              W - ring of wizardry {Wiz+}

@: wreathed by umbra
A: talons 2, thin skeletal structure 2, demonic guardian 1, nightstalker 2
a: Shadow Step, Renounce Religion


You were on level 2 of the Orcish Mines.
You worshipped Dithmenos.
Dithmenos was greatly pleased with you.
You were hungry.

You visited 3 branches of the dungeon, and saw 13 of its levels.

You collected 1298 gold pieces.

Inventory:

Hand Weapons
 a - a +2 mace of draining (weapon)
 m - a +2 dagger of protection
Armour
 d - a +0 troll leather armour (worn) {regen}
 p - a +1 leather armour of fire resistance {rF+}
 r - a cursed +0 leather armour
 E - a +0 pair of boots (worn)
 H - a +2 cloak (worn)
 N - a +2 robe of cold resistance {rC+}
Jewellery
 s - an uncursed ring of ice {rC+, rF-}
 y - an uncursed amulet of harm
 G - a +5 ring of protection
 I - an uncursed ring of protection from cold
 P - an uncursed ring of poison resistance
 Q - an uncursed ring of flight
 R - an amulet of regeneration (around neck)
 S - a ring of see invisible (left hand)
 W - a ring of wizardry (right hand) {Wiz+}
Wands
 D - a wand of digging (10)
 F - a wand of iceblast (4)
 M - a wand of clouds (4)
Scrolls
 h - a scroll of amnesia {unknown}
 i - a scroll of identify
 j - 4 scrolls of magic mapping {!r}
 n - 3 scrolls of teleportation {unknown}
 q - a scroll of fear {unknown}
 u - a scroll of enchant armour {unknown}
 v - 2 scrolls of blinking {unknown}
 w - 5 scrolls of remove curse
 x - 2 scrolls of noise {unknown}
 z - a scroll of fog {unknown}
 A - a scroll of enchant weapon {unknown}
 J - a scroll of torment {unknown}
Potions
 b - a potion of invisibility {unknown}
 c - 2 potions of degeneration {unknown}
 f - 2 potions of ambrosia {unknown}
 g - a potion of cancellation {unknown}
 k - 3 potions of curing {unknown}
 l - 4 potions of heal wounds
 o - a potion of flight {unknown}
 t - 3 potions of brilliance {unknown}
 B - 4 potions of lignification {unknown}
 C - a potion of magic {unknown}
 K - a potion of mutation {unknown}
Comestibles
 e - 7 rations


   Skills:
 + Level 6.6 Fighting
 + Level 5.8 Maces & Flails
 + Level 6.4 Dodging
 + Level 6.9 Stealth
 + Level 7.9 Spellcasting
 * Level 11.4 Necromancy
 * Level 4.3 Translocations
 * Level 4.7 Poison Magic
 * Level 9.3 Invocations


You had 9 spell levels left.
You knew the following spells:

 Your Spells              Type           Power        Failure   Level  Hunger
a - Pain                  Necr           ####         1%          1    None
b - Animate Dead          Necr           N/A          1%          4    ###....
c - Blink                 Tloc           N/A          1%          2    None
d - Mephitic Cloud        Conj/Pois/Air  ##......     7%          3    None
r - Regeneration          Chrm/Necr      ####......   1%          3    None
x - Vampiric Draining     Necr           ######....   1%          3    None
A - Animate Skeleton      Necr           N/A          1%          1    None

Your spell library contained the following spells:

 Spells                   Type           Power        Failure   Level  Hunger
 Magic Dart               Conj           #...         4%          1    None
 Call Imp                 Summ           #.......     7%          2    None
 Slow                     Hex            #.......     7%          2    None
 Conjure Flame            Conj/Fire      #.......     13%         3    None


Dungeon Overview and Level Annotations

Branches:
Dungeon (10/15)            Temple (1/1) D:6            Lair (0/6) D:10
    Orc (2/2) D:10            Elf (0/3) Orc:2

Altars:
Ashenzari
Cheibriados
Dithmenos
Elyvilon
Fedhas
Gozag
Hepliaklqana
Kikubaaqudgha
Makhleb
Nemelex Xobeh
Okawaru
Qazlal
Ru
Sif Muna
Trog
Uskayaw
Vehumet
Wu Jian
Xom
Yredelemnul
Zin
The Shining One

Shops:
Orc:1 =   Orc:2 [

Annotations:
D:9 2 transporters, Jodulidgh's ghost, novice NaFE
D:10 Josephine


Innate Abilities, Weirdness & Mutations

You have razor-sharp toenails.
You have a moderately thin skeletal structure. (Dex +4, Stealth+)
A weak demonic guardian rushes to your aid.
You are significantly more attuned to the shadows.


Message History

* * * LOW HITPOINT WARNING * * *
Your shadow imp gestures at the two-headed ogre.
The two-headed ogre resists with significant effort.
You take 7 damage, and have 44/89 hp.
You barely miss the two-headed ogre.
A deep troll comes into view.
The ogre mage barely misses you.
The two-headed ogre hits you with a +0 giant club.
* * * LOW HITPOINT WARNING * * *
The two-headed ogre hits you with a +0 giant spiked club!!
* * * LOW HITPOINT WARNING * * *
You take 28 damage, and have 16/89 hp.
MASSIVE DAMAGE!!
Your shadow imp disappears in a puff of smoke!
The ogre mage casts a spell at you. The crystal spear hits you!
* * * LOW HITPOINT WARNING * * *
The two-headed ogre closely misses you.
The two-headed ogre hits you with a +0 giant spiked club!!
You die...

......#.#.## ............#
.............$....... ##
$..................... ##.
....................... #..
...........T..O.@...... ##.
..............5O#......# ##.
..........)..#ZZ#......# #..
.T..)$........Z))..#...# ##.
..))C..............##.## ##.#
.............)##.......# #####...
...)..........[#..[...####.##.#..
....T..............$)##.#........
............^....##[##......#.#..


You could see a two-headed ogre, an ogre mage, a deep troll, a friendly shadow
imp, a friendly orc zombie, a friendly orc wizard zombie and a friendly ogre
zombie.

Levels and vault maps discovered:
D:1:      ncdulo_lavacross, layout_loops_cross
D:2:      minmay_razor_zed, layout_basic, overflow_temple_1_default,
          first_ration, kennysheep_generic_room_8, uniq_jessica
D:3:      layout_basic, xom_redecorated, chequers_ecumenical_altar_island,
          grunt_gozag_statues, uniq_sigmund
D:4:      layout_rooms, lemuel_doored_altar, lemuel_round_altar,
          serial_co_window_serial, co_window_paths_a, co_window_corner_a,
          co_window_of_opportunity_a, co_window_paths_b, co_window_cross_1,
          co_window_cross_2, co_window_of_opportunity_b, co_window_paths_c,
          co_window_of_opportunity_c, co_window_unsneaky_path_d,
          co_window_2corner, co_window_4corner_a, co_window_paths_e,
          glass_columns_b, glass_columns_b, glass_columns_a, glass_columns_b
D:5:      layout_loops_ring, elyvilon_altar_3,
          chequers_temple_overflow_statue_of_worship, st_stairs_8,
          minmay_crystal_room
D:6:      layout_rooms, kennysheep_mini_moat, minmay_temple_entry_statues
D:7:      layout_basic, cheibriados_altar_1, cheibrodos_ashenzari_chains,
          uniq_crazy_yiuf_cottage
D:8:      layout_rooms, grunt_dithmenos_shadows
D:9:      layout_gridville, lemuel_crystal_altar,
          gammafunk_ghost_wrathful_warriors
D:10:     layout_roguey, minmay_lair_entry_grove, david_orc_3, uniq_josephine,
          uniq_snorg, uniq_joseph
Temple:   jpeg_temple_island
Orc:1:    layout_diamond_mine, minmay_shop_enchanted_jewellery
Orc:2:    st_orc_open, layout_caves

Notes
Turn   | Place    | Note
-------+----------+-------------------------------------------
     0 | D:1      | lepoulpe303 the Demonspawn Necromancer began the quest for
                  | the Orb.
     0 | D:1      | Reached XP level 1. HP: 13/13 MP: 3/3
   204 | D:1      | Identified a +0 hunting sling (You found it on level 1 of
                  | the Dungeon)
   333 | D:1      | Identified a +2 mace of draining (You found it on level 1
                  | of the Dungeon)
   376 | D:1      | Identified a +0 dagger
   425 | D:1      | HP: 2/13 [goblin (3)]
   729 | D:1      | Gained mutation: You have sharp toenails. [demonic
                  | ancestry]
   729 | D:1      | Reached XP level 2. HP: 19/19 MP: 5/5
   732 | D:1      | Learned a level 1 spell: Animate Skeleton
   739 | D:1      | Identified a cursed +0 club
   984 | D:1      | Reached skill level 2 in Stealth
  1183 | D:2      | Identified a +0 club
  1197 | D:2      | Reached skill level 2 in Dodging
  1377 | D:2      | Identified a +0 robe
  1377 | D:2      | Noticed Jessica
  1379 | D:2      | Killed Jessica
  1379 | D:2      | Gained mutation: You have a somewhat thin skeletal
                  | structure. (Dex +2, Stealth) [demonic ancestry]
  1379 | D:2      | Reached XP level 3. HP: 23/25 MP: 6/6
  1394 | D:2      | Reached skill level 1 in Fighting
  1394 | D:2      | Reached skill level 5 in Necromancy
  1394 | D:2      | Identified a +0 dagger
  1668 | D:2      | Learned a level 3 spell: Vampiric Draining
  1723 | D:2      | Reached XP level 4. HP: 25/32 MP: 8/8
  2245 | D:2      | Identified a +0 club
  2288 | D:2      | Found a basalt altar of Yredelemnul.
  2299 | D:2      | Identified a +0 dagger
  2299 | D:2      | Identified a +1 leather armour of fire resistance
  2669 | D:2      | Identified a +0 dagger
  2778 | D:3      | Identified a +0 whip
  2786 | D:3      | Identified a +0 spear
  2794 | D:3      | Identified a +0 flail
  2797 | D:3      | Reached skill level 3 in Spellcasting
  2799 | D:3      | Gained mutation: A weak demonic guardian rushes to your
                  | aid. [demonic ancestry]
  2799 | D:3      | Reached XP level 5. HP: 24/37 MP: 1/9
  2889 | D:3      | Learned a level 4 spell: Animate Dead
  2923 | D:3      | Found a faded altar of an unknown god.
  3276 | D:3      | Identified a +0 scythe
  3276 | D:3      | Identified a +0 robe
  3276 | D:3      | Noticed Sigmund
  3283 | D:3      | Killed Sigmund
  3283 | D:3      | Reached skill level 1 in Maces & Flails
  3283 | D:3      | Gained mutation: You have a moderately thin skeletal
                  | structure. (Dex +4, Stealth+) [demonic ancestry]
  3283 | D:3      | Reached XP level 6. HP: 23/44 MP: 4/11
  3288 | D:3      | Learned a level 3 spell: Regeneration
  3415 | D:3      | Found a shimmering altar of Xom.
  3415 | D:3      | Found a shimmering altar of Xom.
  3416 | D:3      | Found a shimmering altar of Xom.
  3443 | D:3      | Found an opulent altar of Gozag.
  3467 | D:3      | Identified a +0 club
  3493 | D:3      | Identified a +0 club
  3540 | D:3      | Identified a +0 dagger
  3875 | D:4      | Identified a +0 morningstar
  3875 | D:4      | Identified a +0 chain mail
  3888 | D:3      | Reached skill level 2 in Fighting
  4308 | D:4      | Found a blossoming altar of Fedhas.
  4310 | D:4      | Identified a +0 giant club
  4514 | D:4      | Reached skill level 6 in Necromancy
  4894 | D:4      | Identified a +0 giant club
  4909 | D:4      | Reached skill level 3 in Stealth
  5058 | D:4      | Identified a +0 giant spiked club
  5077 | D:4      | Reached skill level 4 in Spellcasting
  5077 | D:4      | Gained mutation: You are slightly more attuned to the
                  | shadows. [demonic ancestry]
  5077 | D:4      | Reached XP level 7. HP: 49/51 MP: 8/13
  5244 | D:4      | Found a hazy altar of Hepliaklqana.
  5245 | D:4      | Identified a +0 hand axe
  5245 | D:4      | Identified a +0 leather armour
  5334 | D:4      | Identified a +0 pair of boots (You found it on level 4 of
                  | the Dungeon)
  5334 | D:4      | Identified 5 scrolls of identify
  5334 | D:4      | Identified an amulet of regeneration (You found it on level
                  | 4 of the Dungeon)
  5335 | D:4      | Identified an amulet of harm (You found it on level 4 of
                  | the Dungeon)
  5337 | D:4      | Identified a ring of poison resistance (You found it on
                  | level 3 of the Dungeon)
  5399 | D:5      | Entered Level 5 of the Dungeon
  5401 | D:5      | Found an ornate altar of the Wu Jian Council.
  5404 | D:5      | Found a radiant altar of Vehumet.
  5443 | D:5      | Reached skill level 3 in Dodging
  5577 | D:5      | Noticed a hornet
  5586 | D:5      | Killed a hornet
  5586 | D:5      | Reached skill level 2 in Maces & Flails
  5856 | D:5      | Identified a +0 giant club
  5877 | D:5      | Reached skill level 3 in Fighting
  5957 | D:5      | Identified a +0 club
  5960 | D:5      | Identified a +0 flail
  5964 | D:5      | Identified a +0 club
  5967 | D:5      | Gained mutation: You have razor-sharp toenails. [demonic
                  | ancestry]
  5967 | D:5      | Reached XP level 8. HP: 58/58 MP: 13/15
  5974 | D:5      | Reached skill level 7 in Necromancy
  5992 | D:5      | Found a white marble altar of Elyvilon.
  6002 | D:5      | Identified a +0 short sword
  6005 | D:5      | Identified a +0 hand axe
  6005 | D:5      | Identified a +0 leather armour
  6007 | D:5      | Identified a cursed -2 dagger
  6007 | D:5      | Identified a +0 leather armour
  6196 | D:5      | Identified a +0 cloak (You found it on level 5 of the
                  | Dungeon)
  6512 | D:6      | Identified a +0 shortbow
  6523 | D:6      | Reached skill level 5 in Spellcasting
  6530 | D:6      | Identified a ring of ice (You found it on level 6 of the
                  | Dungeon)
  6531 | D:6      | Identified a ring of wizardry (You found it on level 2 of
                  | the Dungeon)
  6635 | D:6      | Found a glowing silver altar of Zin.
  6751 | D:6      | Found a staircase to the Ecumenical Temple.
  6761 | Temple   | Entered the Ecumenical Temple
  6897 | Temple   | lepoulpe303: !whichgod dsne
  6897 | Temple   | meem: 48 recent wins for dsne: 20x Kikubaaqudgha, 4x
                  | Vehumet, 3x Hepliaklqana, 3x Nemelex Xobeh, 2x Okawaru, 2x
                  | Cheibriados, 2x Dithmenos, 2x Gozag, 2x Ashenzari, 2x Xom,
                  | Wu Jian, Uskayaw, Fedhas, Ru, Trog, Yredelemnul
  7136 | D:7      | Noticed a hippogriff
  7145 | D:7      | Killed a hippogriff
  7145 | D:7      | Reached skill level 4 in Stealth
  7382 | D:7      | Found a snail-covered altar of Cheibriados.
  7543 | D:7      | Reached skill level 3 in Maces & Flails
  7544 | D:7      | Identified a +0 hand axe
  7694 | D:7      | Identified a ring of protection (You found it on level 7 of
                  | the Dungeon)
  7704 | D:7      | Identified a +0 club
  7706 | D:7      | Noticed a hippogriff
  7706 | D:7      | Identified a +0 flail
  7708 | D:7      | Identified a +0 dagger
  7708 | D:7      | Identified a +0 robe
  7721 | D:7      | Killed a hippogriff
  7721 | D:7      | Reached skill level 4 in Dodging
  7721 | D:7      | Reached skill level 8 in Necromancy
  7721 | D:7      | Gained mutation: You are significantly more attuned to the
                  | shadows. [demonic ancestry]
  7721 | D:7      | Reached XP level 9. HP: 37/65 MP: 5/17
  7766 | D:7      | Found a runed translucent door.
  7768 | D:7      | Identified a +3 quarterstaff of chaos
  7768 | D:7      | Identified a +2 cloak
  7768 | D:7      | Noticed Crazy Yiuf
  7775 | D:7      | Identified a +0 flail
  7775 | D:7      | Identified a +0 leather armour
  7887 | D:7      | Killed Crazy Yiuf
  7914 | D:7      | Identified a +0 dagger
  8007 | D:7      | Found a shattered altar of Ashenzari.
  8007 | D:7      | Identified a +0 dagger
  8007 | D:7      | Identified a +0 robe
  8074 | D:7      | Reached skill level 4 in Fighting
  8179 | D:7      | Identified 3 scrolls of magic mapping
  8180 | D:7      | Identified 3 scrolls of remove curse
  8182 | D:7      | Identified a ring of see invisible (You found it on level 7
                  | of the Dungeon)
  8527 | D:8      | Reached skill level 6 in Spellcasting
  8633 | D:8      | Identified a cursed -1 flail
  8642 | D:8      | Identified a +0 hand axe
  8642 | D:8      | Identified a +0 chain mail
  8644 | D:8      | Identified a +0 flail
  8674 | D:8      | Identified a +0 mace
  8674 | D:8      | Identified a +0 scale mail of fire resistance
  8745 | D:8      | Identified a +0 giant club
  8833 | D:8      | Found a shadowy altar of Dithmenos.
  8853 | D:8      | Became a worshipper of Dithmenos the Shadowed
  8923 | D:9      | Found a transporter.
  8923 | D:9      | Identified the cursed +0 halberd of the Hero {chaos, rPois
                  | rF+}
  8923 | D:9      | Identified a +1 leather armour
  8923 | D:9      | Noticed a tengu warrior
  8936 | D:9      | Identified a +0 giant spiked club
  8946 | D:9      | Found an ancient bone altar of Kikubaaqudgha.
  8953 | D:9      | Reached skill level 1 in Invocations
  8976 | D:9      | Noticed a moth of wrath
  8982 | D:9      | Identified a +2 antimagic dire flail
  8982 | D:9      | Identified a +0 great mace of flaming
  8982 | D:9      | Noticed a two-headed ogre
  9144 | D:9      | Reached skill level 2 in Invocations
  9194 | D:9      | Identified a +0 halberd
  9194 | D:9      | Identified a +0 plate armour
  9195 | D:9      | Found a transporter.
  9195 | D:9      | Noticed a deep troll
  9196 | D:9      | Identified a +0 trident
  9196 | D:9      | Identified a +0 plate armour
  9280 | D:9      | Identified a +0 giant club
  9322 | D:9      | Reached skill level 9 in Necromancy
  9323 | D:9      | Reached skill level 5 in Stealth
  9394 | D:9      | Identified a +0 giant club
  9404 | D:9      | Reached skill level 4 in Maces & Flails
  9404 | D:9      | Reached skill level 3 in Invocations
  9572 | D:9      | Reached XP level 10. HP: 48/73 MP: 12/19
  9779 | D:9      | Identified a +0 giant club
  9779 | D:9      | Identified a +0 giant club
  9779 | D:9      | Noticed a two-headed ogre
  9784 | D:9      | Identified a +0 dagger
  9784 | D:9      | Identified a +0 robe
  9787 | D:9      | Killed a two-headed ogre
  9787 | D:9      | Reached skill level 5 in Fighting
  9787 | D:9      | Reached skill level 4 in Invocations
  9787 | D:9      | Identified a +0 mace
  9787 | D:9      | Identified a cursed +0 chain mail
  9790 | D:9      | Identified a +0 flail
  9790 | D:9      | Identified a +0 leather armour
  9792 | D:9      | Reached * piety under Dithmenos
  9916 | D:9      | Noticed Jodulidgh's ghost (novice NaFE)
  9938 | D:10     | Entered Level 10 of the Dungeon
  9938 | D:10     | Identified a cursed +0 giant club
  9966 | D:10     | Reached skill level 5 in Dodging
  9968 | D:10     | Identified a ring of protection from cold (You found it on
                  | level 9 of the Dungeon)
  9970 | D:10     | Identified a ring of flight (You found it on level 8 of the
                  | Dungeon)
  9993 | D:10     | Identified a +0 club
  9993 | D:10     | Identified a +0 leather armour
  9994 | D:10     | Identified a +0 hand axe
  9995 | D:10     | Identified a +0 hand axe
  9995 | D:10     | Identified a +0 ring mail
  9995 | D:10     | Identified a +0 flail
 10070 | D:10     | Found a staircase to the Lair.
 10091 | D:10     | Reached skill level 5 in Invocations
 10247 | D:10     | Identified a +0 falchion of holy wrath
 10247 | D:10     | Identified a +0 scale mail
 10250 | D:10     | Identified a +0 whip
 10253 | D:10     | Identified a +0 club
 10306 | D:10     | Identified a cursed -3 hand axe
 10311 | D:10     | Identified a +0 dire flail of protection
 10311 | D:10     | Identified a cursed +0 plate armour
 10314 | D:10     | Identified a +0 whip
 10316 | D:10     | Identified a +0 shortbow
 10319 | D:10     | Identified a +0 hand axe
 10325 | D:10     | Identified a +0 mace
 10332 | D:10     | Reached skill level 7 in Spellcasting
 10332 | D:10     | Reached skill level 10 in Necromancy
 10339 | D:10     | Identified a +0 scale mail
 10365 | D:10     | Reached skill level 6 in Invocations
 10548 | D:10     | Noticed Snorg
 10562 | D:10     | Killed Snorg
 10562 | D:10     | Reached skill level 6 in Stealth
 10579 | D:10     | Identified a +0 short sword
 10584 | D:10     | Found a staircase to the Orcish Mines.
 10597 | D:10     | Identified a +1 quarterstaff of protection
 10597 | D:10     | Identified a +0 hunting sling
 10597 | D:10     | Identified a +0 leather armour
 10597 | D:10     | Noticed Joseph
 10614 | D:10     | Identified a +0 club
 10614 | D:10     | Identified a +0 dagger
 10614 | D:10     | Identified a +0 hand axe
 10615 | D:10     | Identified a cursed -1 dagger
 10615 | D:10     | Identified a +0 robe
 10615 | D:10     | Identified a +0 morningstar
 10616 | D:10     | Identified a +0 hand axe
 10616 | D:10     | Identified a +0 falchion
 10616 | D:10     | Identified a +0 falchion
 10618 | D:10     | Identified a +0 hand axe
 10618 | D:10     | Identified a +0 ring mail
 10650 | D:10     | Reached ** piety under Dithmenos
 10685 | D:10     | Killed Joseph
 10823 | D:10     | Identified the +0 ring mail of Soepsir {rPois Regen+}
 10852 | D:10     | Learned a level 2 spell: Blink
 11038 | D:10     | Identified a +0 giant club
 11044 | D:10     | Reached XP level 11. HP: 80/81 MP: 17/21
 11049 | D:10     | Learned a level 3 spell: Mephitic Cloud
 11191 | D:10     | Identified a +5 dagger of venom
 11191 | D:10     | Identified a +0 robe
 11191 | D:10     | Noticed Josephine
 11304 | Orc:1    | Entered Level 1 of the Orcish Mines
 11304 | Orc:1    | Identified a +0 hand axe
 11304 | Orc:1    | Identified a +0 chain mail
 11304 | Orc:1    | Noticed an orc high priest
 11304 | Orc:1    | Identified a +0 club
 11304 | Orc:1    | Identified a +2 long sword of slicing
 11304 | Orc:1    | Identified a +0 plate armour
 11304 | Orc:1    | Identified a +0 dire flail
 11304 | Orc:1    | Identified a +0 plate armour
 11304 | Orc:1    | Identified a +0 trident
 11304 | Orc:1    | Identified a +0 plate armour
 11322 | D:10     | Noticed a soul eater
 11323 | D:10     | HP: 12/81 [orc high priest/divine providence (14)]
 11439 | D:10     | Reached skill level 5 in Maces & Flails
 11579 | D:10     | Killed an orc high priest
 11579 | D:10     | Reached skill level 1 in Translocations
 11579 | D:10     | Reached skill level 1 in Poison Magic
 11669 | Orc:1    | Identified a +0 leather armour
 11669 | Orc:1    | Identified a +0 giant spiked club
 11669 | Orc:1    | Identified a +0 trident
 11669 | Orc:1    | Identified a +0 chain mail
 11673 | Orc:1    | Identified a +0 flail
 11746 | Orc:1    | Identified a +0 dagger
 11746 | Orc:1    | Identified a +2 robe of cold resistance
 11765 | D:10     | Reached skill level 7 in Invocations
 11950 | Orc:1    | Found Mucehal's Jewellery Emporium.
 11974 | Orc:1    | Identified a +0 giant spiked club
 11979 | Orc:1    | Identified a +0 giant club
 12156 | Orc:1    | Identified a +0 war axe
 12156 | Orc:1    | Identified a +0 plate armour
 12177 | Orc:1    | Identified a +0 dagger
 12181 | Orc:1    | Identified a +0 club
 12440 | Orc:2    | Entered Level 2 of the Orcish Mines
 12475 | Orc:2    | Identified a +0 troll leather armour
 12498 | Orc:2    | Identified a cursed -2 giant club
 12597 | Orc:2    | Identified a +0 long sword
 12597 | Orc:2    | Identified a +0 chain mail
 12598 | Orc:2    | Identified a +0 dagger
 12599 | Orc:2    | Identified a +0 war axe
 12599 | Orc:2    | Identified a +2 plate armour of positive energy
 12599 | Orc:2    | Noticed an orc warlord
 12599 | Orc:2    | Identified a +0 short sword
 12599 | Orc:2    | Identified a +0 plate armour
 12599 | Orc:2    | Identified a +0 battleaxe
 12599 | Orc:2    | Identified a +0 chain mail
 12599 | Orc:2    | Identified a +0 dagger
 12599 | Orc:2    | Identified a +0 robe
 12599 | Orc:2    | Noticed an orc sorcerer
 12623 | Orc:2    | Identified a +0 dagger
 12623 | Orc:2    | Identified a +0 robe
 12623 | Orc:2    | Noticed an orc sorcerer
 12630 | Orc:2    | Killed an orc sorcerer
 12630 | Orc:2    | Reached skill level 2 in Poison Magic
 12714 | Orc:2    | Identified a +0 trident
 12716 | Orc:2    | Identified a +0 flail
 12716 | Orc:2    | Identified a +0 chain mail
 12716 | Orc:2    | Identified a +0 dagger
 12716 | Orc:2    | Identified a +0 robe
 12720 | Orc:2    | Identified a +0 whip
 12753 | Orc:2    | Identified a +0 troll leather armour
 12753 | Orc:2    | Identified a +0 giant club
 12757 | Orc:2    | Identified a +0 giant spiked club
 12757 | Orc:2    | Identified a +0 giant club
 12757 | Orc:2    | Noticed a two-headed ogre
 12764 | Orc:2    | Killed a two-headed ogre
 12764 | Orc:2    | Reached *** piety under Dithmenos
 12764 | Orc:2    | Reached skill level 2 in Translocations
 12770 | Orc:2    | Identified a cursed -2 giant club
 12770 | Orc:2    | Identified a +0 giant club
 12772 | Orc:2    | Found Zecour's Antique Armour Emporium.
 12772 | Orc:2    | Identified a +0 giant spiked club
 12772 | Orc:2    | Identified a +0 dire flail
 12772 | Orc:2    | Noticed a two-headed ogre
 12773 | Orc:2    | Identified a +0 giant spiked club
 12773 | Orc:2    | Identified a +0 giant spiked club
 12773 | Orc:2    | Noticed a two-headed ogre
 12773 | Orc:2    | Identified a +0 giant spiked club
 12774 | Orc:2    | Identified a +0 giant spiked club
 12774 | Orc:2    | Identified a +3 dire flail of protection
 12774 | Orc:2    | Noticed a two-headed ogre
 12780 | Orc:2    | Identified a +0 flail
 12780 | Orc:2    | Identified a +0 robe
 12780 | Orc:2    | Noticed an ogre mage
 12817 | Orc:1    | HP: 4/81 [two-headed ogre/+0 giant spiked club (29)]
 12851 | D:10     | Identified a +0 troll leather armour
 12928 | Orc:1    | Killed a two-headed ogre
 12928 | Orc:1    | Reached skill level 6 in Fighting
 13016 | Orc:2    | Identified a +0 giant spiked club
 13016 | Orc:2    | Identified a +0 giant club
 13016 | Orc:2    | Noticed a two-headed ogre
 13016 | Orc:2    | Identified a +0 giant spiked club
 13016 | Orc:2    | Identified a +0 giant club
 13016 | Orc:2    | Noticed a two-headed ogre
 13020 | Orc:1    | Killed a two-headed ogre
 13023 | Orc:1    | Killed an ogre mage
 13023 | Orc:1    | Reached skill level 3 in Poison Magic
 13050 | Orc:2    | Identified a +0 giant club
 13050 | Orc:2    | Identified a +0 giant club
 13050 | Orc:2    | Noticed a two-headed ogre
 13056 | Orc:1    | Reached skill level 8 in Invocations
 13083 | Orc:1    | Killed a two-headed ogre
 13083 | Orc:1    | Reached skill level 6 in Dodging
 13086 | Orc:1    | Killed a two-headed ogre
 13086 | Orc:1    | Reached skill level 3 in Translocations
 13086 | Orc:1    | Killed a two-headed ogre
 13150 | Orc:1    | Reached skill level 11 in Necromancy
 13150 | Orc:1    | Killed a two-headed ogre
 13188 | Orc:2    | Identified a +0 giant club
 13188 | Orc:2    | Identified a +0 giant club
 13188 | Orc:2    | Noticed a two-headed ogre
 13196 | Orc:2    | Killed a two-headed ogre
 13198 | Orc:2    | Identified a +0 spear
 13198 | Orc:2    | Identified a +0 robe
 13198 | Orc:2    | Noticed an ogre mage
 13224 | Orc:2    | Identified 5 potions of heal wounds
 13227 | Orc:2    | Killed an ogre mage
 13227 | Orc:2    | Reached XP level 12. HP: 43/89 MP: 21/23
 13257 | Orc:2    | Identified a cursed +0 giant spiked club
 13257 | Orc:2    | Identified a +0 giant club
 13257 | Orc:2    | Noticed a two-headed ogre
 13271 | Orc:2    | Killed a two-headed ogre
 13280 | Orc:2    | Reached skill level 4 in Poison Magic
 13289 | Orc:2    | Identified a +0 giant spiked club
 13289 | Orc:2    | Identified a +0 giant club
 13289 | Orc:2    | Noticed a two-headed ogre
 13316 | Orc:2    | Killed a two-headed ogre
 13456 | Orc:2    | Identified a +0 giant spiked club
 13464 | Orc:2    | Identified a +0 giant club
 13517 | Orc:2    | Identified a +1 glaive of venom
 13517 | Orc:2    | Identified a +0 plate armour
 13518 | Orc:2    | Identified a +0 giant club
 13519 | Orc:2    | Identified a +0 scale mail
 13526 | Orc:2    | Identified a +0 giant spiked club
 13527 | Orc:2    | Identified a +0 battleaxe of flaming
 13527 | Orc:2    | Identified a +0 chain mail
 13529 | Orc:2    | Identified a +0 morningstar
 13529 | Orc:2    | Identified a +0 dagger
 13530 | Orc:2    | Identified a +0 mace
 13844 | D:10     | HP: 21/89 [orc warlord/+0 war axe (19)]
 14028 | Orc:2    | Reached skill level 4 in Translocations
 14120 | Orc:1    | HP: 16/89 [orc priest/divine providence[an orc warlord]
                  | (17)]
 14125 | Orc:1    | HP: 14/89 [poisoned by an orc warrior]
 14130 | Orc:1    | HP: 12/89 [poisoned by an orc warrior]
 14135 | Orc:1    | HP: 12/89 [poisoned by an orc warrior]
 14140 | Orc:1    | HP: 15/89 [poisoned by an orc warrior]
 14146 | Orc:1    | HP: 18/89 [poisoned by an orc warrior]
 14151 | Orc:1    | HP: 21/89 [poisoned by an orc warrior]
 14290 | Orc:2    | Found a staircase to the Elven Halls.
 14335 | Orc:2    | Identified a +0 giant club
 14343 | Orc:2    | Reached skill level 9 in Invocations
 14386 | Orc:2    | Identified a +0 giant club
 14410 | Orc:2    | Identified a +0 short sword
 14410 | Orc:2    | Identified a +0 chain mail
 14411 | Orc:2    | Identified a +0 giant club
 14411 | Orc:2    | Identified a cursed -1 giant club
 14411 | Orc:2    | Noticed a two-headed ogre
 14411 | Orc:2    | Identified a +0 chain mail
 14412 | Orc:2    | Identified a +0 mace
 14412 | Orc:2    | Identified a +0 giant spiked club
 14412 | Orc:2    | Identified a +0 hand axe
 14419 | Orc:2    | Identified a +0 dagger of pain
 14419 | Orc:2    | Identified a +0 robe
 14421 | Orc:2    | Identified a +0 giant club
 14421 | Orc:2    | Identified a +0 giant club
 14421 | Orc:2    | Noticed a two-headed ogre
 14428 | Orc:2    | Identified a cursed +0 giant spiked club
 14444 | Orc:2    | Killed a two-headed ogre
 14451 | Orc:2    | Killed a two-headed ogre
 14456 | Orc:2    | Reached **** piety under Dithmenos
 14458 | Orc:2    | HP: 10/89 [orc warrior/+0 battleaxe[an orc warlord] (21)]
 14633 | Orc:2    | Identified a +0 giant spiked club
 14637 | Orc:2    | Identified a +0 giant club
 14637 | Orc:2    | Identified a +0 giant spiked club
 14637 | Orc:2    | Noticed a two-headed ogre
 14637 | Orc:2    | Identified a +0 giant spiked club
 14648 | Orc:2    | Identified a +0 club
 14648 | Orc:2    | Identified a +0 robe
 14648 | Orc:2    | Noticed an ogre mage
 14655 | Orc:2    | HP: 16/89 [two-headed ogre/+0 giant club (23)]
 14656 | Orc:2    | HP: 3/89 [ogre mage/crystal spear (14)]
 14656 | Orc:2    | Demolished by a two-headed ogre

Table legend:
 A = Turns spent in this place as a percentage of turns spent in the entire game.
 B = Non-inter-level travel turns spent in this place as a percentage of non-inter-level travel turns spent in the entire game.
 C = Inter-level travel turns spent in this place as a percentage of turns spent in this place.
 D = Turns resting spent in this place as a percentage of non-inter-level travel turns spent in this place.
 E = Turns spent auto-exploring this place as a percentage of non-inter-level travel turns spent in this place.
 F = Non-inter-level travel turns spent in this place divided by the number of levels of this place that you've seen.
                   A       B       C       D       E      F
               +-------+-------+-------+-------+-------+----------------------
         Total | 100.0 | 100.0 |   3.1 |  27.4 |  45.7 | 1092.6
       Dungeon |  82.2 |  82.0 |   3.3 |  28.6 |  49.3 | 1165.1
        Temple |   1.2 |   1.0 |  17.6 |   0.0 |  95.0 | 140.0
  Orcish Mines |  16.6 |  17.0 |   1.1 |  23.2 |  25.7 | 1206.5
               +-------+-------+-------+-------+-------+----------------------

Table legend:
 A = Kills in this place as a percentage of kills in entire the game.
 B = Kills by you in this place as a percentage of kills by you in the entire game.
 C = Kills by friends in this place as a percentage of kills by friends in the entire game.
 D = Other kills in this place as a percentage of other kills in the entire game.
 E = Experience gained in this place as a percentage of experience gained in the entire game.
 F = Experience gained in this place divided by the number of levels of this place that you have seen.
                   A       B       C       D       E      F
               +-------+-------+-------+-------+-------+----------------------
         Total | 100.0 | 100.0 | 100.0 | 100.0 | 100.0 | 2234.2
       Dungeon |  74.8 |  78.4 |  61.7 |   0.0 |  43.9 | 1273.7
  Orcish Mines |  25.2 |  21.6 |  38.3 | 100.0 |  56.1 | 8153.5
               +-------+-------+-------+-------+-------+----------------------

Skill      XL: |  1  2  3  4  5  6  7  8  9 10 11 12 |
---------------+-------------------------------------+-----
Stealth        | 2 3 4 5 6 |  6.9
Dodging        | 2 3 4 5 6 |  6.4
Fighting       | 1 2 3 4 5 6 |  6.6
Necromancy     | 5 6 8 9 10 11 | 11.4
Spellcasting   | 3 4 5 6 7 |  7.9
Maces & Flails | 1 2 3 4 5 |  5.8
Invocations    | 3 6 8 9 |  9.3
Translocations | 3 4 |  4.3
Poison Magic   | 3 4 |  4.7

Action                   |  1- 3 |  4- 6 |  7- 9 | 10-12 || total
-------------------------+-------+-------+-------+-------++-------
Melee: Mace              |    50 |    66 |   300 |   427 ||   843
       Unarmed           |     3 |       |       |       ||     3
       Kick              |     6 |    10 |     1 |       ||    17
 Cast: Pain              |    15 |    56 |    87 |   133 ||   291
       Animate Skeleton  |     8 |     4 |       |       ||    12
       Animate Dead      |       |     3 |    12 |    39 ||    54
       Vampiric Draining |       |       |    20 |    65 ||    85
       Mephitic Cloud    |       |       |       |    14 ||    14
       Blink             |       |       |       |     8 ||     8
Evoke: Wand              |       |       |       |     6 ||     6
  Use: Scroll            |       |       |     8 |       ||     8
       Potion            |       |       |       |     1 ||     1
 Stab: Sleeping          |     7 |    13 |    21 |     5 ||    46
       Distracted        |       |       |     2 |     6 ||     8
       Confused          |       |       |       |     3 ||     3
  Eat: Chunk             |     3 |     6 |     6 |     7 ||    22
       Ration            |       |     1 |     4 |     4 ||     9
Armor: Robe              |     7 |     9 |    86 |    83 ||   185
       Troll leather arm |       |       |       |    67 ||    67
Dodge: Dodged            |    44 |    64 |   257 |   631 ||   996

Vanquished Creatures
  Snorg (D:10)
  An ogre mage (Orc:1)
  7 two-headed ogres
  A deep troll (Orc:2)
  2 cyclopes (Orc:2)
  Joseph (D:10)
  5 trolls
  2 hornets
  2 hippogriffs (D:7)
  A wyvern (D:10)
  5 yaks (D:10)
  3 wargs
  4 porcupines (D:10)
  13 orc warriors
  3 phantoms
  2 ice beasts
  4 sky beasts
  An eye of draining (D:9)
  16 ogres
  A centaur (D:6)
  3 crocodiles (D:10)
  A big kobold (D:10)
  2 bullfrogs (D:9)
  2 scorpions
  4 killer bees (D:9)
  A bullfrog zombie (D:9)
  A centaur zombie (D:5)
  2 hounds
  2 jellies
  2 centaur skeletons
  4 orc priests
  Crazy Yiuf (D:7)
  2 bullfrog skeletons
  2 iguanas
  Jessica (D:2)
  5 orc wizards
  8 worker ants
  2 hound skeletons
  6 gnolls
  10 adders
  A howler monkey skeleton (D:7)
  A shadow imp (D:8)
  An ooze (D:2)
  An adder skeleton (D:5)
  A worm (D:2)
  3 dart slugs
  7 leopard geckos
  39 orcs
  A ball python (D:2)
  5 bats
  A giant cockroach (D:2)
  7 goblins
  8 hobgoblins
  3 jackals (D:4)
  3 quokkas
  2 frilled lizards
  2 jackal skeletons (D:4)
  10 kobolds
  A quokka zombie (D:5)
  9 rats
242 creatures vanquished.

Vanquished Creatures (collateral kills)
  6 two-headed ogres
  An ogre mage (Orc:2)
  An orc high priest (D:10)
  2 orc sorcerers
  A centaur skeleton (D:10)
  4 trolls
  Sigmund (D:3)
  A hungry ghost (D:10)
  A steam dragon (D:9)
  A warg (D:10)
  An eye of draining (D:5)
  An orc warrior (Orc:2)
  An ice beast (D:8)
  2 phantoms
  12 ogres
  A centaur (D:10)
  4 killer bees (D:9)
  A crimson imp (D:7)
  2 quasits
  2 hounds
  An orc priest (D:9)
  2 orc wizards
  A hound zombie (D:9)
  9 orcs
  A kobold (D:1)
60 creatures vanquished.

Vanquished Creatures (others)
  2 fungi
  4 plants (D:10)
6 creatures vanquished.

Grand Total: 308 creatures vanquished
